 Dungeon Sprint DCSS version 0.27-a0-633-gc6addc0a40 (webtiles) character file.

Game seed: 13756375287943907642

24479 rocky1 the Warrior (level 13, -22/247 HPs)
             Began as an Ogre Berserker on Mar 14, 2021.
             Was the Champion of Trog.
             Annihilated by a flayed ghost (27 damage)
             ... in the Dungeon (Sprint VII: "The Pits").
             The game lasted 00:18:35 (5067 turns).

rocky1 the Warrior (Ogre Berserker)                 Turns: 5067, Time: 00:18:36

Health: -22/247    AC:  4    Str: 29    XL:     13   Next: 13%
Magic:  13/13      EV: 14    Int: 11    God:    Trog [******]
Gold:   16         SH:  0    Dex: 10    Spells: 12/12 levels left

rFire    . . .     SeeInvis +   I - +7 giant spiked club of the New World {vorpal, rN+ Will+ Int+3 Stlth+}
rCold    . . .     Faith    .   (shield currently unavailable)
rNeg     + + .     Spirit   .   b - +0 animal skin
rPois    .         Reflect  .   (helmet restricted)
rElec    .         Harm     .   s - +0 cloak
rCorr    .         Rampage  .   (gloves unavailable)
Will     ++++.     NoTele   +   (boots unavailable)
Stlth    ..........             (no amulet)
HPRegen  1.51/turn              m - +3 ring of strength
MPRegen  0.13/turn              v - ring of the Worm {rN+ SInv}

@: berserking (expiring), lethally poisoned (-22 -> -27), regenerating, very
quick
A: large, unfitting armour, tough skin 1
a: Renounce Religion, Berserk, Trog's Hand, Brothers in Arms


You were in the Dungeon.
You worshipped Trog.
Trog was exalted by your worship.
You visited 1 branch You collected 16 gold pieces.

Inventory:

Hand Weapons
 a - a +2 hand axe of freezing
 i - a +4 antimagic great sword
 l - a +1 vorpal broad axe
 r - a +2 dire flail of protection
 t - the +3 giant spiked club of the Empty Page {flame, Dex+3}
   (Trog gifted it to you in the Dungeon)

   It has been specially enchanted to burn those struck by it, causing extra
   injury to most foes and up to half again as much damage against particularly
   susceptible opponents.
   It affects your dexterity (+3).
 u - a +2 antimagic giant spiked club
 w - a +2 vorpal giant club
 y - the +7 great mace of the Inferno {vorpal, +Blink}
   (Trog gifted it to you in the Dungeon)

   It inflicts extra damage upon your enemies.
   It lets you blink.
 z - a +4 vorpal executioner's axe
 I - the +7 giant spiked club of the New World (weapon) {vorpal, rN+ Will+ Int+3 Stlth+}
   (Trog gifted it to you in the Dungeon)

   It inflicts extra damage upon your enemies.
   It affects your intelligence (+3).
   It protects you from negative energy.
   It affects your willpower, your defense against some magical effects.
   It makes you more stealthy.
 K - the +8 demon blade "Leech" {vamp, *Rage +Rage rN+}
   (You took it off a black draconian in the Dungeon)

   It inflicts no extra harm, but heals its wielder when it wounds a living foe.
   It protects you from negative energy.
   It lets you go berserk.
   It may make you go berserk in combat.
Missiles
 J - 2 large rocks
Armour
 b - a +0 animal skin (worn)
 s - a +0 cloak (worn)
Jewellery
 m - a +3 ring of strength (right hand)
 n - a +3 ring of intelligence
 v - the ring of the Worm (left hand) {rN+ SInv}
   (You found it in the Dungeon)

   [ring of see invisible]

   It protects you from negative energy.
   It lets you see invisible.
 B - a +4 ring of protection
 H - a ring of ice
Wands
 x - a wand of digging (6)
Scrolls
 h - 3 scrolls of blinking
 k - a scroll of summoning
 A - 3 scrolls of enchant armour
 C - 2 scrolls of identify
 D - 4 scrolls of enchant weapon
 E - 2 scrolls of fear
 F - a scroll of fog
Potions
 c - 7 potions of curing
 d - 5 potions of heal wounds
 e - 4 potions of haste
 f - 4 potions of magic
 g - 6 potions of berserk rage
 j - 3 potions of invisibility
 o - 2 potions of might
 p - 6 potions of mutation
 q - 2 potions of resistance
Miscellaneous
 G - a tin of tremorstones (2/2)
 L - a lightning rod (4/4)


   Skills:
 + Level 19.8 Fighting
 + Level 6.1(15.0) Axes
 + Level 19.2(19.4) Maces & Flails
 + Level 6.1 Throwing
 + Level 5.0 Armour
 + Level 14.7 Dodging
 + Level 5.1 Evocations


You had 12 spell levels left.
You didn't know any spells.
Your spell library was empty.

Dungeon Overview and Level Annotations

Branches:
Dungeon (1/1)

Altars:
Cheibriados
Dithmenos
Elyvilon
Fedhas
Gozag
Hepliaklqana
Makhleb
Nemelex Xobeh
Okawaru
Qazlal
Ru
Sif Muna
Trog
Vehumet
Wu Jian
Xom
Yredelemnul
Zin
The Shining One
Beogh
Jiyva
Lugonu


Innate Abilities, Weirdness & Mutations

You are too large for most types of armour.
You have tough skin. (AC +1)


Message History

You feel sick.
Unknown command.
You feel very sick.
A vampire knight comes into view. It is wielding a +3 battleaxe.
Your troll bites the vampire knight!
Your troll claws the vampire knight.
Your troll closely misses the vampire knight.
You hit the vampire knight but do no damage.
The vampire knight is moderately damaged.
You feel sick.
Unknown command.
You impale the vampire knight!!
The vampire knight is heavily damaged.
You feel sick.
Your troll bites the vampire knight.
Your troll claws the vampire knight but does no damage.
Your troll claws the vampire knight.
The vampire knight hits your troll with a +3 battleaxe!
The vampire knight hits you with a +3 battleaxe!
* * * LOW HITPOINT WARNING * * *
The vampire knight bites your troll!
You spit the vampire knight like a pig!!!
You destroy the vampire knight!
Trog accepts your kill.
Trog appreciates your killing of a magic user.
* * * LOW HITPOINT WARNING * * *
You feel sick.
Your base Axes skill increases to level 6!
Your Throwing skill increases to level 6!
Your Armour skill increases to level 5!
Your Evocations skill increases to level 5!
Unknown command.
* * * LOW HITPOINT WARNING * * *
You feel sick.
A flayed ghost comes into view.
Unknown command.
You feel a strong urge to attack something.
* * * LOW HITPOINT WARNING * * *
You feel sick.
Your troll closely misses the flayed ghost. x2
Your troll claws the flayed ghost!!
The flayed ghost hits you!!
You die...

,,*,,,,,,,*#....................'
,,*,,,,,,,*#..################..#
,,+,,,,,,,*#..#*,*,#H*,*,*,*,#..#
,,*,,,,,,,*#..#,*,#○*,*,*,*,*#..#
,,*,,,,,,,*#..#*,#=*,*,*,*,*,#..#
,,*,,,,,,,*#..#,#w*,*,*,*,*,*#..#
,,*,,,,,,,*#..##.*,*,*,*,*,*,#..#
***********#..#W##############..#
*###########...T@...............#
_________.##....................#
_________.###########++##########
_______...###########++##########
#########'##................##..#
.?(.')))'.##......#..#......##..#
#########.##................''..#
...........'................''..#
'#####'#####......#..#......##...


You could see a flayed ghost (ally target) and a friendly troll (summoned,
berserk).

Vanquished Creatures
  Gastronok (D)
  Aizul (D)
  An angel (D)
  A vampire knight (D)
  Josephine (D)
  2 hydras (D)
  A catoblepas (D)
  An orc high priest (D)
  A sun demon (D)
  A shadow wraith (D)
  A wizard (D)
  2 bog bodies (D)
  6 harpies (D)
  A large abomination (D)
  A cyclops (D)
  An elephant (D)
  2 cane toads (D)
  An orange demon (D)
  A smoke demon (D)
  A kobold demonologist (D)
  A hellwing (D)
  A demonic crawler (D)
  A jumping spider (D)
  An ice devil (D)
  2 tyrant leeches (D)
  A troll (D)
  A hornet (D)
  4 slime creatures (D)
  A flying skull (D)
  2 redbacks (D)
  A wraith (D)
  2 spriggans (D)
  A vampire (D)
  5 yaks (D)
  A ynoxinul (D)
  A water elemental (D)
  A fire bat (D)
  A small abomination (D)
  3 vampire mosquitoes (D)
  A warg (D)
  2 floating eyes (D)
  An orc warrior (D)
  A sky beast (D)
  A black bear (D)
  6 wolves (D)
  A centaur (D)
  A bullfrog (D)
  A kobold brigand (D)
  3 killer bees (D)
  3 wights (D)
  A hound (D)
  An iguana (D)
  Ijyb (D)
  An orc wizard (D)
  A worker ant (D)
  2 mummies (D)
  A gnoll (D)
  A white imp (D)
  An ooze (D)
  An ufetubus (D)
  An adder skeleton (D)
  A worm (D)
  4 orcs (D)
  3 bat skeletons (D)
  5 jackals (D)
  2 ball pythons (D)
  A jackal skeleton (D)
  A kobold (D)
  A rat (D)
110 creatures vanquished.

Vanquished Creatures (collateral kills)
  A black draconian (D)
  A boulder beetle (D)
  An unseen horror (D)
  2 harpies (D)
  2 elephants (D)
  An efreet (D)
  A tyrant leech (D)
  3 wraiths (D)
  A centaur (D)
13 creatures vanquished.

Grand Total: 123 creatures vanquished

Notes
Turn   | Place    | Note
-------+----------+-------------------------------------------
     0 | D        | rocky1 the Ogre Berserker began the quest for the Orb.
     0 | D        | Reached XP level 1. HP: 24/24 MP: 1/1
    13 | D        | Noticed a worker ant
    21 | D        | Killed a worker ant
    22 | D        | Reached skill level 5 in Fighting
    22 | D        | Reached XP level 2. HP: 20/35 MP: 2/2
   229 | D        | Found a bloodstained altar of Trog.
   229 | D        | Found a shimmering blue altar of Sif Muna.
   229 | D        | Found a viscous altar of Jiyva.
   229 | D        | Found a hazy altar of Hepliaklqana.
   229 | D        | Found an opulent altar of Gozag.
   230 | D        | Found a glowing golden altar of the Shining One.
   230 | D        | Found a glowing silver altar of Zin.
   230 | D        | Found a basalt altar of Yredelemnul.
   230 | D        | Found a shimmering altar of Xom.
   230 | D        | Found an ornate altar of the Wu Jian Council.
   230 | D        | Found a sacrificial altar of Ru.
   230 | D        | Found a stormy altar of Qazlal.
   230 | D        | Found an iron altar of Okawaru.
   230 | D        | Found a sparkling altar of Nemelex Xobeh.
   230 | D        | Found a burning altar of Makhleb.
   230 | D        | Found a blossoming altar of Fedhas.
   230 | D        | Found a white marble altar of Elyvilon.
   230 | D        | Found a shadowy altar of Dithmenos.
   230 | D        | Found a snail-covered altar of Cheibriados.
   232 | D        | Found a radiant altar of Vehumet.
   232 | D        | Found a corrupted altar of Lugonu.
   251 | D        | Reached XP level 3. HP: 29/42 MP: 3/3
   252 | D        | Reached ** piety under Trog
   366 | D        | Reached *** piety under Trog
   367 | D        | Reached skill level 5 in Maces & Flails
   389 | D        | Noticed a bullfrog
   399 | D        | Killed a bullfrog
   400 | D        | Reached XP level 4. HP: 45/55 MP: 4/4
   400 | D        | Reached **** piety under Trog
   636 | D        | Noticed a sky beast
   637 | D        | Noticed a floating eye
   656 | D        | Killed a sky beast
   657 | D        | Reached skill level 5 in Dodging
   657 | D        | Reached XP level 5. HP: 66/66 MP: 5/5
   760 | D        | Noticed a wolf
   767 | D        | Paralysed by a floating eye for 3 turns
   778 | D        | Paralysed by a floating eye for 3 turns
   785 | D        | Killed a wolf
   786 | D        | Reached XP level 6. HP: 32/75 MP: 6/6
   787 | D        | Paralysed by a floating eye for 3 turns
   796 | D        | Paralysed by a floating eye for 4 turns
   804 | D        | Paralysed by a floating eye for 4 turns
   813 | D        | Killed a floating eye
   813 | D        | Reached ***** piety under Trog
   814 | D        | Reached skill level 10 in Fighting
  1013 | D        | Noticed a floating eye
  1015 | D        | Killed a floating eye
  1016 | D        | Reached skill level 10 in Maces & Flails
  1016 | D        | Reached XP level 7. HP: 87/87 MP: 7/7
  1018 | D        | Noticed a boulder beetle
  1028 | D        | Killed a boulder beetle
  1029 | D        | Reached XP level 8. HP: 70/98 MP: 8/8
  1304 | D        | Noticed an efreet
  1312 | D        | Received a gift from Trog
  1313 | D        | Killed an efreet
  1314 | D        | Killed an unseen horror
  1515 | D        | Noticed a kobold demonologist
  1535 | D        | Noticed a sun demon
  1539 | D        | Noticed a rust devil
  1541 | D        | Killed a kobold demonologist
  1542 | D        | Reached XP level 9. HP: 55/110 MP: 9/9
  1747 | D        | Noticed a demonic crawler
  1747 | D        | Noticed a cyclops
  1748 | D        | Received a gift from Trog
  1765 | D        | Killed a demonic crawler
  1766 | D        | Reached skill level 10 in Dodging
  1770 | D        | Killed a cyclops
  2042 | D        | Noticed a tyrant leech
  2042 | D        | Noticed a seven-headed hydra
  2042 | D        | Noticed an ice devil
  2054 | D        | Killed a tyrant leech
  2060 | D        | Killed a seven-headed hydra
  2060 | D        | Identified the +3 giant spiked club of the Empty Page
                  | {flame, Dex+3} (Trog gifted it to you in the Dungeon)
  2060 | D        | Received a gift from Trog
  2061 | D        | Reached XP level 10. HP: 44/123 MP: 10/10
  2385 | D        | Reached skill level 15 in Fighting
  2389 | D        | Reached skill level 15 in Maces & Flails
  2396 | D        | Reached ****** piety under Trog
  2417 | D        | Received a gift from Trog
  2743 | D        | Noticed a smoke demon
  2743 | D        | Noticed an orange demon
  2743 | D        | Noticed a bog body
  2746 | D        | Killed a smoke demon
  2747 | D        | Killed a bog body
  2747 | D        | Received a gift from Trog
  2752 | D        | Killed an orange demon
  3078 | D        | Noticed a wizard
  3084 | D        | Reached XP level 11. HP: 136/136 MP: 11/11
  3084 | D        | Received a gift from Trog
  3088 | D        | Killed a wizard
  3092 | D        | Got the ring of the Worm {rN+ SInv}
  3170 | D        | Noticed Ijyb
  3178 | D        | Killed Ijyb
  3186 | D        | Received a gift from Trog
  3202 | D        | Identified the +7 great mace of the Inferno {vorpal,
                  | +Blink} (Trog gifted it to you in the Dungeon)
  3202 | D        | Received a gift from Trog
  3297 | D        | Received a gift from Trog
  3936 | D        | Noticed an orc high priest
  3943 | D        | Noticed a bog body
  3947 | D        | Killed an orc high priest
  3947 | D        | Received a gift from Trog
  3950 | D        | Killed a bog body
  4160 | D        | Noticed Josephine
  4160 | D        | Noticed a harpy
  4160 | D        | Noticed a harpy
  4160 | D        | Noticed a harpy
  4163 | D        | Noticed a harpy
  4164 | D        | Killed a harpy
  4166 | D        | Killed a harpy
  4169 | D        | Killed a harpy
  4170 | D        | Identified the +7 giant spiked club of the New World
                  | {vorpal, rN+ Will+ Int+3 Stlth+} (Trog gifted it to you in
                  | the Dungeon)
  4170 | D        | Received a gift from Trog
  4173 | D        | HP: 7/143 [harpy (2)]
  4176 | D        | Killed Josephine
  4177 | D        | Reached XP level 12. HP: 53/152 MP: 12/12
  4552 | D        | Reached skill level 1 in Axes
  4552 | D        | Reached skill level 1 in Throwing
  4568 | D        | Reached skill level 1 in Armour
  4568 | D        | Reached skill level 1 in Evocations
  4708 | D        | Received a gift from Trog
  4770 | D        | Noticed an eight-headed hydra
  4770 | D        | Noticed a black draconian
  4770 | D        | Noticed an angel
  4770 | D        | Noticed a catoblepas
  4775 | D        | Killed an eight-headed hydra
  4775 | D        | Received a gift from Trog
  4778 | D        | Killed a catoblepas
  4780 | D        | Killed a black draconian
  4786 | D        | Killed an angel
  4979 | D        | Noticed a sun demon
  4979 | D        | Noticed Gastronok
  4990 | D        | Killed Gastronok
  4990 | D        | Received a gift from Trog
  4991 | D        | Reached skill level 5 in Axes
  4991 | D        | Reached skill level 5 in Throwing
  4991 | D        | Found the +7 great mace "Undeadhunter" {disrupt, rN+}
  5052 | D        | Killed a sun demon
  5052 | D        | Noticed Aizul
  5053 | D        | Reached XP level 13. HP: 61/163 MP: 13/13
  5061 | D        | Killed Aizul
  5061 | D        | Identified the +2 giant spiked club of Overwhelming Force
                  | {flame, rElec Int+4} (Trog gifted it to you in the Dungeon)
  5061 | D        | Received a gift from Trog
  5062 | D        | Noticed a vampire knight
  5064 | D        | HP: 8/247 [vampire knight/+3 battleaxe (9)]
  5065 | D        | Killed a vampire knight
  5066 | D        | Reached skill level 5 in Armour
  5066 | D        | Reached skill level 5 in Evocations
  5067 | D        | Annihilated by a flayed ghost

Illustrated notes

Levels and vault maps discovered:
D:        pitsprint [storerooms_1, entrance_room_1, metal_vault_1, armoury_2,
          mini_pit_1, grid_room_1, main_hall_1, silver_pit, the_coven_1,
          the_vestibule_1, steel_vault_5, golden_pit, hallway_of_sentries,
          crystal_vault_3, iron_vault_4, final_vault]

Skill      XL: |  1  2  3  4  5  6  7  8  9 10 11 12 13 |
---------------+----------------------------------------+-----
Fighting       | 5 7 8 9 10 11 13 14 16 18 19 | 19.8
Maces & Flails | 4 6 7 8 10 11 12 14 16 18 19 | 19.2
Dodging        | 3 4 5 6 7 8 9 10 12 13 14 | 14.7
Axes           | 5 6 |  6.1
Throwing       | 5 6 |  6.1
Armour         | 4 5 |  5.0
Evocations     | 4 5 |  5.1

Action                   |  1- 3 |  4- 6 |  7- 9 | 10-12 | 13-15 || total
-------------------------+-------+-------+-------+-------+-------++-------
Melee: Mace              |    39 |     1 |       |       |       ||    40
       Flail             |       |    54 |    23 |       |       ||    77
       Dire flail        |       |       |    60 |     4 |       ||    64
       Giant spiked club |       |       |       |   182 |     7 ||   189
Invok: Berserk           |     1 |     1 |     5 |     6 |     1 ||    14
       Trog's Hand       |       |     1 |     3 |     6 |     1 ||    11
       Brothers in Arms  |       |       |     2 |     3 |     1 ||     6
  Use: Potion            |       |     1 |     1 |     3 |     2 ||     7
       Scroll            |       |       |       |     1 |       ||     1
 Stab: Sleeping          |       |       |     1 |       |       ||     1
       Petrifying        |       |       |       |     2 |       ||     2
       Petrified         |       |       |       |     2 |       ||     2
       Distracted        |       |       |       |       |     1 ||     1
Armor: Animal skin       |    19 |    27 |    44 |    29 |       ||   119
Dodge: Dodged            |    36 |    23 |    67 |   190 |     3 ||   319

Table legend: (Time is in decaauts)
 A = Elapsed time spent in this place.
 B = Non-inter-level travel time spent in this place.
 C = Inter-level travel time spent in this place.
 D = Time resting spent in this place.
 E = Time spent auto-exploring this place.
 F = Levels seen in this place.
 G = Mean time per level.
                   A        B        C        D        E       F      G
               +--------+--------+--------+--------+--------+-----+--------+
         Total |   5147 |   4986 |    161 |   3790 |      0 |   1 | 5147.0 |
       Dungeon |   5147 |   4986 |    161 |   3790 |      0 |   1 | 5147.0 |
               +--------+--------+--------+--------+--------+-----+--------+

Top non-repeatable levels by time:
       D: 5147 daAuts
